 Dungeon Crawl Stone Soup version 0.26.1-2-gb8aa6d0cf2 (webtiles) character file.

Game seed: 15273184611769612297

80530 DearestLeader the Gelid (level 15, -1/119 HPs)
             Began as a Merfolk Ice Elementalist on Mar 2, 2021.
             Was a High Priest of Vehumet.
             Slain by a phantasmal warrior (16 damage)
             ... led by a death knight
             ... on level 11 of the Dungeon.
             The game lasted 01:13:59 (25340 turns).

DearestLeader the Gelid (Merfolk Ice Elementalist) Turns: 25340, Time: 01:13:59

Health: -1/119     AC: 15    Str: 11    XL:     15   Next: 67%
Magic:  29/29      EV: 19    Int: 17    God:    Vehumet [*****.]
Gold:   774        SH:  5    Dex: 22    Spells: 9/34 levels left

rFire    . . .     SeeInvis .   d - +2 glaive (freeze)
rCold    + . .     Faith    .   (shield currently unavailable)
rNeg     . . .     Spirit   .   J - +3 troll leather armour "Gesum" {*Contam rF+ Will++ Regen+ Dex+4}
rPois    .         Reflect  +   s - +2 hat
rElec    +         Harm     .   v - +0 cloak
rCorr    +         Rampage  +   F - +1 pair of gloves "Vigada Iti" {Rampage rCorr Str+2 Dex+2}
Will     ++...                  a - +2 pair of boots
Stlth    ++........             U - amulet of reflection
HPRegen  0.69/turn              q - ring of willpower
MPRegen  0.21/turn              Q - ring "Dakhytwa" {Ice rElec Will+ Int-2}

@: weak-willed
A: change form in water, swift swim, stealthy swim
a: Renounce Religion


You were on level 11 of the Dungeon.
You worshipped Vehumet.
Vehumet was extremely pleased with you.
You visited 3 branches of the dungeon, and saw 19 of its levels.
You visited the Abyss 1 time.
You also visited: Gauntlet.

You collected 1381 gold pieces.
You spent 607 gold pieces at shops.

Inventory:

Hand Weapons
 d - a +2 glaive of freezing (weapon)
 P - a +2 halberd of flaming
Armour
 a - a +2 pair of boots (worn)
 s - a +2 hat (worn)
 v - a +0 cloak (worn)
 F - the +1 pair of gloves "Vigada Iti" (worn) {Rampage rCorr Str+2 Dex+2}
   (You found it on level 7 of the Dungeon)

   It affects your strength (+2).
   It affects your dexterity (+2).
   It provides partial protection from all sources of acid and corrosion.
   It bestows one free step when moving towards enemies.
 J - the +3 troll leather armour "Gesum" (worn) {*Contam rF+ Will++ Regen+ Dex+4}
   (You bought it in a shop on level 9 of the Dungeon)

   It affects your dexterity (+4).
   It protects you from fire.
   It affects your willpower, your defense against some magical effects.
   It causes magical contamination when unequipped.
   It increases your rate of regeneration.
Jewellery
 q - a ring of willpower (left hand)
 y - an uncursed ring of willpower
 z - an uncursed ring of flight
 I - an uncursed ring of ice
 Q - the ring "Dakhytwa" (right hand) {Ice rElec Will+ Int-2}
   (You found it in a Gauntlet)

   [ring of ice]

   It enhances your ice magic.
   It affects your intelligence (-2).
   It makes you vulnerable to fire.
   It protects you from cold.
   It insulates you from electricity.
   It affects your willpower, your defense against some magical effects.
 U - an amulet of reflection (around neck)
 V - an uncursed ring of ice
Wands
 m - a wand of paralysis (5)
 r - a wand of iceblast (11)
 t - a wand of enslavement (7)
 N - a wand of random effects (30)
 O - a wand of digging (4)
 R - a wand of flame (36)
 S - a wand of acid (7)
 Y - a wand of disintegration (19)
Scrolls
 e - 5 scrolls of teleportation
 g - 16 scrolls of remove curse
 j - 3 scrolls of summoning
 k - 6 scrolls of enchant weapon
 l - a scroll of silence
 o - 5 scrolls of fear
 u - 4 scrolls of amnesia
 w - 4 scrolls of enchant armour
 x - 2 scrolls of magic mapping
 A - 2 scrolls of fog {unknown}
 D - 2 scrolls of random uselessness {unknown}
 H - a scroll of vulnerability
 M - a scroll of blinking {unknown}
 T - a scroll of brand weapon {unknown}
 W - 2 scrolls of noise {unknown}
Potions
 b - 11 potions of curing
 c - 3 potions of brilliance
 f - 3 potions of invisibility
 h - 2 potions of haste
 i - 3 potions of might
 n - 4 potions of lignification {unknown}
 p - 3 potions of attraction {unknown}
 B - 2 potions of berserk rage {unknown}
 C - 8 potions of ambrosia {unknown}
 E - 2 potions of mutation {unknown}
 G - 2 potions of heal wounds
 K - a potion of flight {unknown}
 L - 4 potions of degeneration {unknown}
 X - a potion of resistance {unknown}


   Skills:
 - Level 11.5 Fighting
 * Level 17.2 Polearms
 + Level 8.7 Dodging
 - Level 2.1 Stealth
 - Level 4.3 Shields
 + Level 10.2 Spellcasting
 - Level 2.0 Conjurations
 + Level 18.1 Ice Magic
 - Level 1.2 Air Magic


You had 9 spell levels left.
You knew the following spells:

 Your Spells              Type           Power        Failure   Level
a - Hailstorm             Conj/Ice       59%          1%          4
b - Frozen Ramparts       Ice            100%         0%          3
c - Ozocubu's Armour      Ice            81%          1%          3
d - Summon Ice Beast      Ice/Summ       56%          2%          4
e - Freezing Cloud        Conj/Ice/Air   24%          22%         6
f - Metabolic Englaciati  Hex/Ice        28%          8%          5

Your spell library contained the following spells:

 Spells                   Type           Power        Failure   Level
 Spellforged Servitor     Conj/Summ      6%           100%        7
 Freeze                   Ice            100%         0%          1
 Ice Form                 Ice/Tmut       56%          2%          4
 Sandblast                Erth           16%          3%          1
 Stone Arrow              Conj/Erth      24%          6%          3
 Animate Skeleton         Necr           16%          11%         1
 Beastly Appendage        Tmut           16%          11%         1
 Pain                     Necr           32%          11%         1
 Passwall                 Tmut/Erth      6%           17%         2
 Sublimation of Blood     Necr           4%           17%         2
 Wereblood                Tmut           8%           17%         2
 Confusing Touch          Hex            8%           32%         3
 Gell's Gravitas          Tloc           4%           32%         3
 Spider Form              Tmut/Pois      4%           32%         3
 Vampiric Draining        Necr           4%           32%         3
 Simulacrum               Ice/Necr       28%          38%         6
 Lee's Rapid Deconstruct  Erth           4%           58%         5
 Yara's Violent Unravell  Hex/Tmut       4%           58%         5
 Animate Dead             Necr           4%           73%         4
 Petrify                  Tmut/Erth      8%           73%         4
 Agony                    Necr           8%           97%         5
 Blade Hands              Tmut           4%           97%         5
 Statue Form              Tmut/Erth      5%           100%        6


Dungeon Overview and Level Annotations

Branches:
Dungeon (12/15)            Temple (1/1) D:6            Lair (6/6) D:9
  Swamp (0/4) Lair:3       Spider (0/4) Lair:4        Slime (0/5) Lair:6
Gauntlet (visited)
    Orc: D:9-12

Altars:
Elyvilon
Gozag
Kikubaaqudgha
Makhleb
Nemelex Xobeh
Sif Muna
Vehumet
Xom
Zin
The Shining One
Jiyva

Shops:
D:5 (:=}(   D:6 =   D:9 [   D:10 ?

Annotations:
D:3 2 transporters, Paulthewizard's ghost, amateur DrFE


Message History

The death knight hits you with a +0 battleaxe!!
* * * LOW HITPOINT WARNING * * *
The wraith completely misses you. The phantasmal warrior misses you.
The freezing wraith misses you. The freezing wraith hits you!
* * * LOW HITPOINT WARNING * * *
You block the phantasmal warrior's attack.
You feel yourself speed up.
The death knight's dark mirror aura disappears.
The freezing wraith barely misses you. The freezing wraith misses you.
The phantasmal warrior blinks!
You rampage towards the phantasmal warrior!
You closely miss the phantasmal warrior.
You slash the phantasmal warrior! You freeze the phantasmal warrior.
The phantasmal warrior is moderately damaged.
The phantasmal warrior hits you!
* * * LOW HITPOINT WARNING * * *
Unknown command.
The phantasmal warrior misses you. The phantasmal warrior hits you!
You die...

#.# #.....(..# #..#
#.. #.# #........#
#..# #.. #.#
#........# #..# #.#
#.######...>....#
#.<########.#
#...............#
#...........#
##.........####..#
#...........#
....#####..# #..#
#...).......# ....#
#..# #..#
#...<.(.....# ##..#
#..# #.@#
#...........# #..#
#..# #W.#
#...........# #..#
#..#
#.W####...........#
#..# #..#
#p................#
#..# #..#
#.W...............#
#..# #..#
#..................
#..# #[)#
#...####...........
#..#####.)####...#
#..........#
#.........[.).[..#
#..........#


You could see a death knight, a phantasmal warrior, a freezing wraith and a
wraith.

Vanquished Creatures
  Gastronok (D:10)
  3 dire elephants (Lair:6)
  A minotaur (Gauntlet)
  The ghost of grovkorv the Cleaver, a journeyman HOFi of Okawaru (D:11)
  A death ooze (Gauntlet)
  A yaktaur captain (D:10)
  Fannar (D:11)
  A boulder beetle (D:11)
  An anaconda (Lair:6)
  3 two-headed ogres
  7 hydras
  A catoblepas (Lair:6)
  A tengu warrior (D:10)
  A death yak (Lair:5)
  A dancing weapon (D:11)
  A fire crab (shapeshifter) (D:12)
  2 unseen horrors
  4 skeletal warriors
  An obsidian statue (Gauntlet)
  An ugly thing (D:11)
  A manticore (D:11)
  A wolf spider (Lair:4)
  A cyclops (D:12)
  18 elephants
  5 black mambas
  A torpor snail (Gauntlet)
  A gargoyle (D:10)
  13 cane toads
  7 centaur skeletons
  14 komodo dragons
  A freezing wraith (D:12)
  7 rime drakes
  An efreet (D:12)
  A queen bee (Lair:6)
  3 meliai (Lair:6)
  2 trolls
  A hornet (D:9)
  3 polar bears (Lair:6)
  24 blink frogs
  11 dream sheep
  8 spriggans (D:8)
  A vampire (D:11)
  73 yaks
  5 wyverns
  4 basilisks
  Eustachio (D:5)
  Menkaure (D:5)
  A swamp worm (Lair:3)
  15 water moccasins
  Duvessa (D:5)
  7 orc warriors
  5 black bears
  5 ice beasts
  6 ogres
  5 sky beasts
  A necrophage (D:11)
  A phantom (D:10)
  Purgy (D:4)
  22 wolves
  4 centaurs
  2 big kobolds
  24 bullfrogs
  Dowan (D:5)
  A wyvern skeleton (D:6)
  6 scorpions
  37 killer bees
  2 wights
  An electric eel (D:8)
  4 howler monkeys
  A crimson imp (D:7)
  2 centaur zombies
  4 hounds
  2 quasits
  5 jellies
  11 orc wizards
  7 orc priests
  3 bullfrog skeletons
  8 iguanas
  14 worker ants
  A hound skeleton (D:10)
  Robin (D:3)
  2 worker ant zombies
  7 gnolls
  6 adders
  2 shadow imps
  A white imp (D:6)
  3 ufetubi
  An adder skeleton (D:4)
  An adder zombie (D:8)
  2 worms (D:3)
  3 dart slugs
  12 leopard geckos
  66 orcs
  2 ball pythons
  9 giant cockroaches
  23 goblins
  11 hobgoblins
  5 jackals
  9 quokkas
  8 bats
  2 frilled lizards
  11 kobolds
  A leopard gecko skeleton (D:9)
  A leopard gecko zombie (D:7)
  2 quokka skeletons
  A quokka zombie (D:9)
  9 rats
654 creatures vanquished.

Vanquished Creatures (collateral kills)
  A dire elephant (Lair:6)
  Urug (Lair:2)
  Nergalle (Lair:3)
  A skeletal warrior (D:11)
  An elephant (Lair:2)
  Maggie (Lair:2)
  2 yaks (D:10)
  A soldier ant (D:12)
  A swamp worm (Lair:3)
  2 bullfrogs
  A jelly (D:11)
  A worker ant zombie (D:10)
  2 orcs (D:10)
  A quokka (D:12)
17 creatures vanquished.

Vanquished Creatures (others)
  A manticore (D:12)
  3 bushes (Lair:6)
  58 fungi
  55 plants
  14 withered plants (Gauntlet)
131 creatures vanquished.

Grand Total: 802 creatures vanquished

Notes
Turn   | Place    | Note
-------+----------+-------------------------------------------
     0 | D:1      | DearestLeader the Merfolk Ice Elementalist began the quest
                  | for the Orb.
     0 | D:1      | Reached XP level 1. HP: 13/13 MP: 3/3
   428 | D:1      | Reached XP level 2. HP: 9/19 MP: 1/5
   750 | D:1      | Reached skill level 5 in Ice Magic
  1208 | D:2      | Reached XP level 3. HP: 11/24 MP: 3/6
  1750 | D:2      | Learned a level 3 spell: Frozen Ramparts
  2002 | D:2      | Reached skill level 1 in Polearms
  2002 | D:2      | Reached skill level 6 in Ice Magic
  2002 | D:2      | Reached XP level 4. HP: 24/30 MP: 1/7
  2631 | D:2      | Reached XP level 5. HP: 26/35 MP: 8/8
  3464 | D:3      | Noticed Robin
  3469 | D:3      | Killed Robin
  4082 | D:3      | Found a transporter.
  4110 | D:3      | Noticed Paulthewizard's ghost (amateur DrFE)
  4112 | D:3      | Identified the +6 dire flail of Umyafay {flame, rC+ Int+5}
  4112 | D:3      | Noticed an ogre
  4114 | D:3      | Found a transporter.
  4378 | D:3      | Reached skill level 7 in Ice Magic
  4378 | D:3      | Reached XP level 6. HP: 25/41 MP: 5/9
  5283 | D:4      | Reached XP level 7. HP: 46/46 MP: 6/10
  5591 | D:4      | Reached skill level 5 in Polearms
  5591 | D:4      | Reached skill level 8 in Ice Magic
  5613 | D:4      | Noticed Purgy
  5624 | D:4      | Killed Purgy
  6021 | D:5      | Entered Level 5 of the Dungeon
  6021 | D:5      | Found Vurcha's Book Shop.
  6087 | D:5      | Found Ximafet's Gadget Shop.
  6102 | D:5      | Noticed Duvessa
  6102 | D:5      | Noticed Dowan
  6108 | D:5      | Noticed Eustachio
  6110 | D:5      | Killed Duvessa
  6112 | D:5      | Killed Dowan
  6113 | D:5      | Reached skill level 5 in Dodging
  6113 | D:5      | Reached XP level 8. HP: 45/52 MP: 5/11
  6123 | D:5      | Killed Eustachio
  6124 | D:5      | Reached skill level 9 in Ice Magic
  6529 | D:5      | Found Siunalass's Antique Weapon Boutique.
  6658 | D:5      | Learned a level 3 spell: Ozocubu's Armour
  7008 | D:5      | Noticed Menkaure
  7017 | D:5      | Killed Menkaure
  7018 | D:5      | Reached skill level 1 in Fighting
  7211 | D:5      | Found Hamnau's Weapon Emporium.
  7316 | D:5      | Found Meshriola's Jewellery Shoppe.
  7434 | D:6      | Reached skill level 10 in Ice Magic
  7535 | D:6      | Reached XP level 9. HP: 59/61 MP: 12/12
  8217 | D:6      | Found Jiwagyas's Jewellery Emporium.
  8251 | D:6      | Found an ancient bone altar of Kikubaaqudgha.
  8663 | D:6      | Found a staircase to the Ecumenical Temple.
  8704 | D:6      | Found an opulent altar of Gozag.
  8705 | D:6      | Found a glowing silver altar of Zin.
  8802 | Temple   | Entered the Ecumenical Temple
  8837 | Temple   | Became a worshipper of Vehumet
  9387 | D:7      | Reached skill level 10 in Polearms
  9412 | D:7      | Got a pair of transparent gloves
  9422 | D:7      | Identified the +1 pair of gloves "Vigada Iti" {Rampage
                  | rCorr Str+2 Dex+2} (You found it on level 7 of the Dungeon)
  9656 | D:7      | Found a shimmering altar of Xom.
  9657 | D:7      | Found a burning altar of Makhleb.
  9885 | D:8      | Reached * piety under Vehumet
  9885 | D:8      | Offered knowledge of Foxfire by Vehumet.
  9887 | D:8      | Reached XP level 10. HP: 68/70 MP: 10/13
  9925 | D:8      | Noticed a two-headed ogre
  9935 | D:8      | Killed a two-headed ogre
 10074 | D:8      | Found a shimmering blue altar of Sif Muna.
 10681 | D:8      | Offered knowledge of Shock by Vehumet.
 10746 | D:8      | Reached ** piety under Vehumet
 10747 | D:8      | Reached skill level 15 in Polearms
 11173 | D:8      | Reached skill level 1 in Shields
 11545 | D:8      | Found a sparkling altar of Nemelex Xobeh.
 11677 | D:8      | Found a glowing golden altar of the Shining One.
 11797 | D:9      | Learned a level 4 spell: Summon Ice Beast
 11887 | D:9      | Found a staircase to the Lair.
 11997 | D:9      | Reached XP level 11. HP: 59/75 MP: 14/14
 12262 | D:9      | Found Kequvaeg's Armour Shoppe.
 12267 | D:9      | Bought the +3 troll leather armour "Gesum" {*Contam rF+
                  | Will++ Regen+ Dex+4} for 607 gold pieces
 12350 | Lair:1   | Entered Level 1 of the Lair of Beasts
 12356 | Lair:1   | Reached skill level 11 in Ice Magic
 12419 | Lair:1   | Offered knowledge of Conjure Flame by Vehumet.
 13694 | Lair:2   | Reached skill level 12 in Ice Magic
 13865 | Lair:2   | Reached skill level 5 in Fighting
 14021 | Lair:2   | Noticed Maggie
 14055 | Lair:2   | Killed Maggie
 14058 | Lair:2   | Reached *** piety under Vehumet
 14059 | Lair:2   | Reached XP level 12. HP: 82/86 MP: 5/18
 14071 | Lair:2   | Reached skill level 13 in Ice Magic
 14383 | Lair:2   | Reached skill level 5 in Spellcasting
 14384 | Lair:2   | Offered knowledge of Mephitic Cloud by Vehumet.
 14668 | Lair:2   | Noticed Urug
 14688 | Lair:2   | Killed Urug
 15640 | Lair:3   | Noticed an eight-headed hydra
 15646 | Lair:3   | Killed a four-headed hydra
 15699 | Lair:3   | Reached skill level 14 in Ice Magic
 16136 | Lair:3   | Noticed Nergalle
 16143 | Lair:3   | Reached **** piety under Vehumet
 16144 | Lair:3   | Reached XP level 13. HP: 62/98 MP: 22/22
 16159 | Lair:3   | Killed Nergalle
 16529 | Lair:3   | Offered knowledge of Inner Flame by Vehumet.
 16592 | Lair:3   | Found a staircase to the Swamp.
 16736 | Lair:4   | Found a gate leading to a gauntlet.
 16741 | Gauntlet | Entered a Gauntlet
 16741 | Gauntlet | Found a transporter.
 16750 | Gauntlet | Found a transporter.
 16766 | Gauntlet | Found a transporter.
 16771 | Gauntlet | Found a transporter.
 16790 | Gauntlet | Found a transporter.
 16805 | Gauntlet | Found a transporter.
 16813 | Gauntlet | Found a large runed translucent door.
 16814 | Gauntlet | Found a large runed translucent door.
 16815 | Gauntlet | Found a large runed translucent door.
 16815 | Gauntlet | Found a large runed translucent door.
 16815 | Gauntlet | Noticed a death ooze
 16816 | Gauntlet | Found a runed translucent gate.
 16817 | Gauntlet | Found a transporter.
 16817 | Gauntlet | Found a runed translucent gate.
 16818 | Gauntlet | Found a runed translucent gate.
 16819 | Gauntlet | Found a large runed translucent door.
 16819 | Gauntlet | Found a large runed translucent door.
 16819 | Gauntlet | Found a runed translucent door.
 16819 | Gauntlet | Found a runed translucent door.
 16820 | Gauntlet | Found a large runed translucent door.
 16821 | Gauntlet | Found a large runed translucent door.
 16823 | Gauntlet | Found a transporter.
 16828 | Gauntlet | Found a large runed translucent door.
 16828 | Gauntlet | Found a large runed translucent door.
 16829 | Gauntlet | Found a large runed translucent door.
 16830 | Gauntlet | Found a large runed translucent door.
 16838 | Gauntlet | Found a transporter.
 16847 | Gauntlet | Noticed a blizzard demon
 16850 | Gauntlet | Found a transporter.
 16862 | Gauntlet | Found a transporter.
 16866 | Gauntlet | Noticed a green death
 16868 | Gauntlet | Found a transporter.
 16868 | Gauntlet | Found a transporter.
 16907 | Gauntlet | Found a transporter.
 16932 | Gauntlet | Found a transporter.
 16934 | Gauntlet | Found a transporter.
 16940 | Gauntlet | Noticed a death ooze
 16954 | Gauntlet | Found a transporter.
 17040 | Gauntlet | Found a large runed translucent door.
 17040 | Gauntlet | Found a large runed translucent door.
 17041 | Gauntlet | Found a large runed translucent door.
 17042 | Gauntlet | Found a large runed translucent door.
 17044 | Gauntlet | Found a transporter.
 17243 | Gauntlet | Killed a death ooze
 17373 | Gauntlet | Reached skill level 15 in Ice Magic
 17378 | Gauntlet | Got a scintillating platinum ring
 17379 | Gauntlet | Identified the ring "Dakhytwa" {Ice rElec Will+ Int-2} (You
                  | found it in a Gauntlet)
 17487 | Gauntlet | Noticed a minotaur
 17493 | Gauntlet | Cast into level 3 of the Abyss (minotaur)
 17497 | Gauntlet | Escaped the Abyss
 17509 | Gauntlet | Killed a minotaur
 17842 | Lair:4   | Found a hole to the Spider Nest.
 18433 | Lair:5   | Learned a level 4 spell: Hailstorm
 18671 | Lair:5   | Reached ***** piety under Vehumet
 18672 | Lair:5   | Offered knowledge of Orb of Destruction by Vehumet.
 18675 | Lair:5   | Reached skill level 16 in Ice Magic
 18845 | Lair:5   | Reached XP level 14. HP: 109/109 MP: 26/26
 18978 | Lair:5   | Reached skill level 10 in Fighting
 19462 | Lair:6   | Entered Level 6 of the Lair of Beasts
 19571 | Lair:6   | HP: 3/110 [meliai/divine providence (16)]
 19809 | Lair:6   | Got a twisted ring mail
 20323 | Lair:6   | Reached skill level 17 in Ice Magic
 20796 | Lair:6   | Found a viscous altar of Jiyva.
 20796 | Lair:6   | Found a staircase to the Slime Pits.
 21135 | Lair:6   | Noticed a dire elephant
 21135 | Lair:6   | Noticed a dire elephant
 21161 | Lair:6   | Noticed a dire elephant
 21175 | Lair:6   | Killed a dire elephant
 21331 | Lair:6   | Killed a dire elephant
 21388 | Lair:6   | Noticed a dire elephant
 21406 | Lair:6   | Killed a dire elephant
 21407 | Lair:6   | Reached XP level 15. HP: 47/119 MP: 10/28
 21411 | Lair:6   | Offered knowledge of Freezing Cloud by Vehumet.
 21419 | Lair:6   | Learned a level 6 spell: Freezing Cloud
 21779 | D:10     | Entered Level 10 of the Dungeon
 21959 | D:10     | Identified the +5 ring mail of the Ethereal Slorg {rCorr
                  | MP+9 Int+2} (You found it on level 6 of the Lair of Beasts)
 22000 | D:10     | Learned a level 5 spell: Metabolic Englaciation
 22173 | D:10     | Reached skill level 1 in Air Magic
 22296 | D:10     | Reached skill level 1 in Conjurations
 22525 | D:10     | Identified the Compendium of Sinister Magic and the Rocks
 22542 | D:10     | Noticed Gastronok
 22555 | D:10     | Killed Gastronok
 22747 | D:10     | Found Jizurph's Magic Scroll Boutique.
 23605 | D:11     | Reached skill level 18 in Ice Magic
 24004 | D:11     | Offered knowledge of Spellforged Servitor by Vehumet.
 24106 | D:11     | Reached skill level 10 in Spellcasting
 24230 | D:11     | Found a runed translucent door.
 24230 | D:11     | Found a shimmering altar of Xom.
 24230 | D:11     | Noticed grovkorv's ghost (journeyman HOFi)
 24252 | D:11     | Killed grovkorv's ghost
 24747 | D:12     | Noticed Fannar
 24911 | D:11     | Killed Fannar
 25340 | D:11     | Slain by a phantasmal warrior

Illustrated notes

Levels and vault maps discovered:
D:1:      grunt_arrival_lava_bath, layout_rooms
D:2:      layout_rooms, serial_co_window_serial, co_window_corner_a,
          co_window_corner_a, co_window_paths_b, co_window_of_opportunity_a,
          co_window_paths_b, co_window_of_opportunity_b, co_window_2corner,
          co_window_broadway_c, co_window_cross_3, co_window_corner_b,
          co_window_paths_e, glass_columns_c, glass_columns_b, glass_columns_b
D:3:      layout_loops_corners, gammafunk_ghost_smash,
          chequers_serial_rivers_micro_a, uniq_robin
D:4:      layout_basic, uniq_purgy
D:5:      layout_layer_cave, serial_shops, shop, shop,
          nicolae_shop_behind_doors, shop_statue, kennysheep_mini_moat,
          minivault_11, uniq_duvessa, uniq_menkaure, uniq_eustachio
D:6:      layout_loops_ring, grunt_temple_overflow_gold_and_silver,
          general_overflow_altar, temple_statues, serial_shops,
          nicolae_shop_behind_doors
D:7:      layout_basic, grunt_temple_overflow_champion_of_chaos,
          minmay_joined_circles
D:8:      kb_forest_paths, layout_basic, tso_altar,
          nicolae_overflow_crystal_walls, nemelex_altar_shiori,
          item_on_display_a
D:9:      layout_big_octagon, dpeg_oklobed_lair, serial_shops,
          kennysheep_little_box
D:10:     minmay_s_stair_smasher, layout_stronghold, serial_rivers,
          chequers_serial_rivers_small_a, chequers_serial_rivers_micro_b,
          chequers_serial_rivers_micro_d, chequers_serial_rivers_micro_c,
          chequers_serial_rivers_small_b, serial_shops, shop, nzn_random_ring,
          uniq_gastronok
D:11:     layout_long_grid, ebering_ghost_xom
D:12:     layout_rooms, hiddenorc1_lemuel, special_room [special_room_orc],
          evilmike_butchery, uniq_fannar, uniq_kirke
Temple:   minmay_temple_curvy_branch
Lair:1:   layout_cave_pods
Lair:2:   layout_layer_cave, grunt_megastairs_2, uniq_maggie, uniq_urug
Lair:3:   layout_loops_ring, palyth_hydra_swamp_entry, uniq_nergalle
Lair:4:   layout_roguey, spider_nest_entry_rubble, gauntlet_entry_generic
Lair:5:   nzn_winding_woodlands_cross [nzn_winding_woodlands_5x15_jagged,
          nzn_winding_woodlands_5x15_default, nzn_winding_woodlands_5x15_parted,
          nzn_winding_woodlands_5x15_garden,
          nzn_winding_woodlands_15x15_killbox], layout_regular_city
Lair:6:   due_jungle_book, layout_loops_ring, dpeg_slime_entry_enclosed_altar,
          special_room [special_room_bee], grunt_megastairs_4

Skill      XL: |  1  2  3  4  5  6  7  8  9 10 11 12 13 14 15 |
---------------+----------------------------------------------+-----
Ice Magic      | 5 6 7 8 10 12 14 16 17 18 | 18.1
Polearms       | 1 2 3 4 6 7 12 15 16 17 | 17.2
Dodging        | 3 5 6 7 8 |  8.7
Fighting       | 2 3 5 7 9 11 | 11.5
Shields        | 2 4 |  4.3
Spellcasting   | 4 6 8 9 10 | 10.2
Air Magic      | 1 |  1.2
Conjurations   | 2 |  2.0
Stealth        | |  2.1

Action                   |  1- 3 |  4- 6 |  7- 9 | 10-12 | 13-15 || total
-------------------------+-------+-------+-------+-------+-------++-------
Melee: Unarmed           |     8 |       |       |       |       ||     8
       Mace              |    31 |       |       |       |       ||    31
       Spear             |    32 |       |       |       |       ||    32
       Halberd           |       |   165 |   335 |   499 |   664 ||  1663
       Scythe            |       |       |       |    32 |       ||    32
       Tailslap          |       |       |       |       |     2 ||     2
       Glaive            |       |       |       |       |   279 ||   279
 Cast: Freeze            |    43 |    34 |    21 |    16 |       ||   114
       Frozen Ramparts   |       |     3 |    13 |    37 |    91 ||   144
       Ozocubu's Armour  |       |       |     1 |     2 |     9 ||    12
       Summon Ice Beast  |       |       |       |     4 |    32 ||    36
       Hailstorm         |       |       |       |       |    38 ||    38
  Use: Scroll            |       |     1 |     6 |     2 |    15 ||    24
       Potion            |       |       |       |       |    10 ||    10
 Stab: Sleeping          |     4 |    14 |     7 |     2 |     9 ||    36
       Distracted        |       |       |       |     1 |     4 ||     5
       Petrifying        |       |       |       |       |     1 ||     1
Armor: Robe              |    30 |    30 |       |       |       ||    60
       Ring mail         |       |       |   171 |    68 |       ||   239
       Troll leather arm |       |       |       |    43 |   251 ||   294
Dodge: Dodged            |    79 |   118 |   245 |   289 |   669 ||  1400
Block: Other             |       |       |       |       |   150 ||   150
       Reflection        |       |       |       |       |     5 ||     5
